 Dungeon Crawl Stone Soup version 0.28-a0-1236-gb25a51b929 (webtiles) character file.

Game seed: 13345470195825237363

24373 Adrian566 the Carver (level 12, -41/103 HPs)
             Began as a Green Draconian Fighter on Dec 26, 2021.
             Was an Initiate of Gozag.
             Annihilated by a titanic slime creature (86 damage)
             ... on level 13 of the Dungeon.
             The game lasted 00:24:54 (20382 turns).

Adrian566 the Carver (Green Draconian Fighter)     Turns: 20382, Time: 00:24:56

Health: -41/103    AC: 28    Str: 27    XL:     12   Next: 80%
Magic:  1/22       EV: 17    Int: 14    God:    Gozag
Gold:   925        SH: 14    Dex: 17    Spells: 11/11 levels left

rFire   + . .      SeeInvis .   L - +11 war axe of Naatos {protect, Str+4}
rCold   + . .      Faith    .   F - +3 warlock's mirror {reflect}
rNeg    . . .      Spirit   .   (armour unavailable)
rPois   +          Reflect  +   C - +3 hat of Pondering {ponderous, Will+ MP+10 Int+5}
rElec   .          Harm     .   s - scarf {rC+ rF+}
rCorr   .          Rampage  .   i - +2 pair of gloves {infuse}
Will    +....                   o - +2 pair of boots {Stlth+}
Stlth   ++++......              z - amulet of reflection
HPRegen 0.27/turn               k - +4 ring of protection
MPRegen 0.18/turn               t - +6 ring of dexterity

@: gold aura, under a protective aura, hasted, very quick
A: breathe noxious fumes, AC +8, unfitting armour, poison resistance,
cold-blooded, hooves 1
a: Breathe Noxious Fumes, Renounce Religion, Potion Petition, Call Merchant,
Bribe Branch


You were on level 13 of the Dungeon.
You worshipped Gozag.
Gozag was pleased with you.
You visited 1 branch of the dungeon, and saw 13 of its levels.
You also visited: Ossuary.

You collected 4045 gold pieces.
You spent 2083 gold pieces at shops.
You paid 1037 gold pieces to Gozag.

Inventory:

Hand Weapons
 a - a +2 long sword of freezing
 L - the +11 war axe of Naatos (weapon) {protect, Str+4}
   (You bought it in a shop on level 12 of the Dungeon)

   It grants its wielder temporary protection when it strikes (+7 to AC).
   Str:       It affects your strength (+4).
 M - a +0 mace
Missiles
 c - 3 throwing nets
Armour
 b - a +0 buckler
 f - a +0 cloak
 i - a +2 pair of gloves of infusion (worn)
 j - a +0 buckler of cold resistance
 o - a +2 pair of boots of stealth (worn)
 s - a scarf of resistance (worn)
 C - the +3 hat of Pondering (worn) {ponderous, Will+ MP+10 Int+5}
   (You took it off Gastronok on level 11 of the Dungeon)

   Int:       It affects your intelligence (+5).
   MP:        It affects your magic capacity (+10).
   Will:      It increases your willpower.
 F - the +3 warlock's mirror (worn) {reflect}
   (You acquired it on level 8 of the Dungeon)

   It can block and reflect piercing ranged attacks and magical attacks against
   the wielder's willpower.
Jewellery
 k - a +4 ring of protection (left hand)
 t - a +6 ring of dexterity (right hand)
 z - an amulet of reflection (around neck)
 A - the ring of Beogh's Respect {rF++ Int+6}
   (You took it off an orc on level 9 of the Dungeon)

   [ring of intelligence]

   Int:       It affects your intelligence (+6).
   rF:        It greatly protects you from fire.
 D - an amulet of guardian spirit
 G - a ring of magical power
 N - a ring of positive energy
 O - a ring of see invisible
Wands
 d - a wand of flame (56)
 u - a wand of paralysis (9)
 v - a wand of polymorph (4)
 H - a wand of iceblast (5) (quivered)
 I - a wand of digging (7)
Scrolls
 e - 2 scrolls of fog
 h - a scroll of magic mapping
 l - 2 scrolls of fear
 m - 7 scrolls of teleportation
 x - 5 scrolls of immolation
 y - 2 scrolls of identify
 K - 2 scrolls of holy word
Potions
 g - 12 potions of curing
 n - 2 potions of heal wounds
 w - a potion of brilliance
 B - a potion of magic
 E - 3 potions of cancellation
 J - a potion of resistance


   Skills:
 + Level 8.4 Fighting
 - Level 14.6 Long Blades
 * Level 6.1 Axes
 + Level 9.0 Dodging
 + Level 5.1 Stealth
 + Level 8.7 Shields
 + Level 1.2 Evocations


You had 11 spell levels left.
You didn't know any spells.
Your spell library contained the following spells:

 Spells                   Type           Power      Damage    Failure   Level
 Ensorcelled Hibernation  Hex/Ice        0%         N/A       41%         2
 Ozocubu's Armour         Ice            0%         N/A       65%         3
 Summon Guardian Golem    Hex/Summ       0%         N/A       65%         3
 Tukima's Dance           Hex            0%         N/A       65%         3
 Petrify                  Tmut/Erth      0%         N/A       96%         4
 Metabolic Englaciation   Hex/Ice        0%         N/A       100%        5
 Simulacrum               Ice/Necr       0%         N/A       100%        6
 Statue Form              Tmut/Erth      0%         N/A       100%        6
 Orb of Destruction       Conj           0%         N/A       100%        7
 Spellforged Servitor     Conj/Summ      0%         N/A       100%        7


Dungeon Overview and Level Annotations

Branches:
Dungeon (13/15)            Temple (0/1) D:4            Lair (0/6) D:11
    Orc (0/2) D:12         Vaults (0/5) D:13        Ossuary (visited)

Altars:
Dithmenos
Gozag
Kikubaaqudgha
Okawaru
Vehumet
Jiyva

Shops:
D:6 *   D:7 [   D:8 =   D:12 (

Annotations:
D:9 2 transporters
D:11 Snorg
D:13 1 transporter


Innate Abilities, Weirdness & Mutations

You can breathe blasts of noxious fumes.
Your lurid green scales are hard. (AC +8)
You cannot fit into any form of body armour.
Your system is resistant to poisons. (rPois)
You are cold-blooded and may be slowed by cold attacks.
You have large cloven feet.


Message History

The large slime creature is severely wounded.
You slash the enormous slime creature! You slash the slime creature!
The large slime creature hits you!! The slime creature barely misses you.
You bump into the stone wall.
You are too confused!
Unknown command.
You bump into the stone wall.
The large slime creature misses you. The slime creature misses you.
Two slime creatures merge to form a titanic slime creature.
The golden eye blinks at you. You resist with some effort.
You are too confused!
You bump into the stone wall.
The large slime creature hits you!
The slime creature hits you but does no damage.
You are too confused!
You slice the large slime creature!!
The large slime creature is almost dead.
You hit the slime creature. You slash the titanic slime creature!
The large slime creature barely misses you.
You are too confused!
You bump into the stone wall.
The golden eye blinks!
The slime creature hits you but does no damage.
You hit the large slime creature.
The large slime creature is almost dead.
You hit the titanic slime creature. You barely miss the slime creature.
You feel less confused.
The titanic slime creature completely misses you.
You block the large slime creature's attack.
The slime creature closely misses you.
You feel much better.
You block the titanic slime creature's attack.
The large slime creature hits you!! You block the slime creature's attack.
You hit the large slime creature.
You tail-slap the large slime creature, but do no damage.
The large slime creature is almost dead.
You slash the titanic slime creature! You barely miss the slime creature.
The titanic slime creature hits you!!!!
Ouch! That really hurt!
You die...
Your body crumbles into a pile of gold.

.#..#...#....####################
.#..#...#...##.###©##............
.#..#......##..#.#..##..........)
.#.........#.......(.#...........
.#.........###.....###...........
.#..#...#.©##..._...##©.##....###
.#..#....#.###..G..###...#....#..
.####....#.#...JJJ§=)#...#....#..
.........####..#@#:.##...#....#..
....##########!###.##.........#..
............########..........#..
....#.......#.................#..
....#.......###############...#..
....#.........................#..
....#....)....................#..
....######################....#..
....#...........).)..............


You could see a titanic slime creature, a large slime creature, a slime creature
and a golden eye.

Vanquished Creatures
  Gastronok (D:11)
  5 vault guards (D:13)
  2 ogre magi
  7 two-headed ogres
  A wizard (D:13)
  An orc knight (D:12)
  A deep elf zephyrmancer (D:12)
  2 cyclopes (D:13)
  2 ugly things
  2 gargoyles
  2 unseen horrors
  A komodo dragon (D:11)
  An efreet (D:13)
  4 trolls
  Grinder (D:5)
  3 yaks
  Eustachio (D:5)
  2 wyverns
  3 wraiths
  2 shadows
  A golden eye (D:13)
  3 humans
  3 vampire mosquitoes
  A steam dragon (D:7)
  3 water moccasins
  A swamp drake (D:12)
  A sky beast (D:5)
  10 orc warriors
  A black bear (D:11)
  7 ogres
  5 centaurs
  A phantom (D:7)
  2 kobold brigands
  A gnoll sergeant (D:13)
  3 bullfrogs (D:11)
  2 scorpions
  A wyvern zombie (D:7)
  3 water moccasin zombies (Ossuary)
  5 wights
  2 jellies (D:6)
  9 killer bees (D:10)
  5 howler monkeys
  2 hounds
  4 quasits (D:7)
  8 orc priests
  4 centaur zombies
  Crazy Yiuf (D:4)
  4 centaur skeletons
  A gnoll shaman (D:10)
  Ijyb (D:3)
  5 iguanas (D:5)
  Natasha (thrice) (D:2)
  18 orc wizards
  Terence (D:3)
  2 killer bee zombies
  2 mummies (Ossuary)
  A hound skeleton (D:4)
  Robin (D:2)
  13 gnolls
  8 adders
  2 white imps
  4 adder zombies (Ossuary)
  2 adder skeletons (D:4)
  The ghost of spaghetti the Sneak, a weakling OpDe (D:7)
  2 dart slugs (D:2)
  56 orcs
  3 endoplasms
  3 giant cockroaches
  3 gnoll zombies (Ossuary)
  12 goblins
  8 hobgoblins
  3 quokkas
  5 ball pythons
  4 bats
  5 frilled lizards
  3 hobgoblin zombies (Ossuary)
  18 kobolds
  4 kobold zombies (Ossuary)
  8 orc zombies (Ossuary)
  4 rats
343 creatures vanquished.

Vanquished Creatures (others)
  A hornet zombie (D:7)
  4 fungi (D:11)
  7 plants (D:11)
12 creatures vanquished.

Grand Total: 355 creatures vanquished

Notes
Turn   | Place    | Note
-------+----------+-------------------------------------------
     0 | D:1      | Adrian566 the Draconian Fighter began the quest for the
                  | Orb.
     0 | D:1      | Reached XP level 1. HP: 19/19 MP: 1/1
   438 | D:1      | Reached XP level 2. HP: 26/26 MP: 2/2
   592 | D:1      | Found a faded altar of an unknown god.
   610 | D:1      | Prayed at the altar of an unknown god.
   610 | D:1      | Became a worshipper of Gozag Ym Sagoz the Greedy
   967 | D:2      | Found a radiant altar of Vehumet.
   995 | D:2      | Reached XP level 3. HP: 17/31 MP: 3/3
  1385 | D:2      | Noticed Robin
  1390 | D:2      | Killed Robin
  1521 | D:2      | Noticed Natasha
  1530 | D:2      | Killed Natasha
  1531 | D:2      | Reached skill level 3 in Long Blades
  1531 | D:2      | Reached XP level 4. HP: 30/40 MP: 4/4
  1892 | D:2      | Noticed Natasha
  1901 | D:2      | Killed Natasha
  1903 | D:2      | Noticed Natasha
  1915 | D:2      | Killed Natasha
  1916 | D:2      | Reached skill level 4 in Long Blades
  1916 | D:2      | Reached XP level 5. HP: 36/46 MP: 5/5
  2462 | D:3      | Noticed Ijyb
  2482 | D:3      | Killed Ijyb
  2652 | D:3      | Noticed Terence
  2657 | D:3      | Killed Terence
  2658 | D:3      | Reached skill level 1 in Stealth
  2884 | D:3      | Gained mutation: You have large cloven feet. [potion of
                  | mutation]
  3254 | D:4      | Reached skill level 5 in Long Blades
  3254 | D:4      | Reached XP level 6. HP: 52/52 MP: 3/6
  3350 | D:4      | Found a staircase to the Ecumenical Temple.
  3351 | D:4      | Noticed an orc warrior
  3891 | D:4      | Killed an orc warrior
  3892 | D:4      | Reached skill level 6 in Long Blades
  4355 | D:4      | Found a runed translucent door.
  4356 | D:4      | Noticed Crazy Yiuf
  4384 | D:4      | Your scales start taking on a lurid green colour.
  4384 | D:4      | Reached XP level 7. HP: 56/59 MP: 3/7
  4384 | D:4      | Gained mutation: Your system is resistant to poisons.
                  | (rPois) [Green Draconian growth]
  4585 | D:4      | Killed Crazy Yiuf
  4665 | D:5      | Entered Level 5 of the Dungeon
  4666 | D:5      | Noticed Eustachio
  4707 | D:5      | Killed Eustachio
  4882 | D:5      | Reached skill level 7 in Long Blades
  5060 | D:5      | Noticed Grinder
  5081 | D:5      | Killed Grinder
  5082 | D:5      | Reached skill level 8 in Long Blades
  5082 | D:5      | Reached XP level 8. HP: 66/67 MP: 4/8
  5823 | D:6      | Reached skill level 5 in Fighting
  5957 | D:6      | Reached skill level 9 in Long Blades
  6355 | D:6      | Found a sand-covered staircase.
  6360 | Ossuary  | Entered an ossuary
  6527 | Ossuary  | Reached XP level 9. HP: 74/74 MP: 7/9
  6896 | Ossuary  | Identified a scroll of acquirement
  6898 | Ossuary  | Acquired 603 gold pieces
  7011 | D:6      | Found Peifredue's General Store.
  7019 | D:6      | Bought a +0 buckler of cold resistance for 126 gold pieces
  7263 | D:6      | Reached skill level 10 in Long Blades
  7872 | D:7      | Found Kuhad's Antique Armour Shoppe.
  7904 | D:7      | Found a transporter.
  7911 | D:7      | Noticed spaghetti's ghost (weakling OpDe)
  7922 | D:7      | Bought a pair of glowing boots for 195 gold pieces
  7941 | D:7      | Found a transporter.
  8098 | D:7      | Found an ancient bone altar of Kikubaaqudgha.
  8918 | D:7      | Killed spaghetti's ghost
  8948 | D:7      | Reached skill level 5 in Dodging
  9076 | D:8      | Found Ostrucweif's Jewellery Emporium.
 10959 | D:8      | Noticed a two-headed ogre
 10977 | D:7      | Killed a two-headed ogre
 10978 | D:7      | Reached skill level 5 in Shields
 11427 | D:8      | Reached skill level 11 in Long Blades
 11427 | D:8      | Reached XP level 10. HP: 41/78 MP: 1/10
 11892 | D:8      | Bought an amulet of reflection for 420 gold pieces
 11898 | D:8      | Acquired the +3 warlock's mirror {reflect}
 11898 | D:8      | Found the +3 warlock's mirror {reflect}
 12293 | D:9      | Identified the ring of Beogh's Respect {rF++ Int+6}
 12343 | D:9      | Found a transporter.
 12368 | D:9      | Noticed a deep elf knight
 12660 | D:9      | Noticed a deep elf knight
 12772 | D:9      | Found a transporter.
 13376 | D:8      | Identified the +6 quarterstaff of False Hope {protect,
                  | Drain rN+ Dex+2}
 13551 | D:10     | Entered Level 10 of the Dungeon
 13637 | D:10     | Reached skill level 12 in Long Blades
 14460 | D:11     | Noticed Gastronok
 14519 | D:11     | Killed Gastronok
 14520 | D:11     | Reached XP level 11. HP: 53/91 MP: 0/11
 14779 | D:11     | Reached skill level 13 in Long Blades
 14902 | D:11     | Noticed a two-headed ogre
 14903 | D:11     | Noticed a two-headed ogre
 14904 | D:11     | Noticed an ogre mage
 14915 | D:11     | Noticed a two-headed ogre
 14922 | D:11     | Killed an ogre mage
 14926 | D:11     | Killed a two-headed ogre
 14932 | D:11     | Killed a two-headed ogre
 14939 | D:11     | Killed a two-headed ogre
 15431 | D:11     | Found a shadowy altar of Dithmenos.
 15504 | D:11     | Found a staircase to the Lair.
 15579 | D:12     | Noticed a two-headed ogre
 15616 | D:11     | Killed a two-headed ogre
 15617 | D:11     | Reached skill level 14 in Long Blades
 15912 | D:12     | Noticed a green ugly thing
 15913 | D:12     | Noticed Snorg
 15924 | D:11     | Killed a green ugly thing
 16302 | D:12     | Identified the +2 hand axe "Giantbane" {flame, +Blink
                  | Int+3}
 16366 | D:12     | Found an iron altar of Okawaru.
 16764 | D:12     | Reached XP level 12. HP: 30/100 MP: 12/12
 17171 | D:12     | Noticed a two-headed ogre
 17178 | D:12     | Noticed a two-headed ogre
 17195 | D:12     | Killed a two-headed ogre
 17201 | D:12     | Killed a two-headed ogre
 17288 | D:12     | Found a staircase to the Orcish Mines.
 18177 | D:12     | Bought the +11 war axe of Naatos {protect, Str+4} for 1342
                  | gold pieces
 18297 | D:13     | Found a transporter.
 18310 | D:13     | Found a viscous altar of Jiyva.
 18371 | D:13     | Reached skill level 1 in Axes
 18601 | D:13     | Reached skill level 5 in Stealth
 18890 | D:13     | Noticed a vault guard
 19131 | D:13     | Noticed a vault guard
 19182 | D:13     | Found a transporter.
 19184 | D:13     | Found the ring of the Mage {Wiz Archmagi}
 19484 | D:13     | Noticed an ogre mage
 19485 | D:13     | Noticed a vault guard
 19505 | D:13     | Killed an ogre mage
 19514 | D:13     | Killed a vault guard
 19515 | D:13     | Reached skill level 1 in Evocations
 19522 | D:13     | Killed a vault guard
 19767 | D:13     | Killed a vault guard
 19768 | D:13     | Reached skill level 5 in Axes
 19927 | D:13     | Found a gate to the Vaults.
 19927 | D:13     | Noticed a vault guard
 19928 | D:13     | Noticed a vault guard
 19955 | D:13     | Killed a vault guard
 19972 | D:13     | Killed a vault guard
 20382 | D:13     | Annihilated by a titanic slime creature

Illustrated notes

Levels and vault maps discovered:
D:1:      wander_arrival_estate, layout_loops_ring,
          dreamdust_ecumenical_altar_statues, st_stairs_4
D:2:      layout_loops_corners, serial_aquarium, aquarium_bridge_straight
          [aquarium_subvault_bridge, aquarium_subvault_window,
          aquarium_subvault_bridge, aquarium_subvault_balcony],
          aquarium_bridge_square [aquarium_subvault_bridge,
          aquarium_subvault_bridge, aquarium_subvault_window,
          aquarium_subvault_bridge], aquarium_window_fake, aquarium_window_fake,
          aquarium_view_2c, aquarium_view_2c, aquarium_balcony_3b,
          aquarium_pool_split, basic_altar, uniq_natasha, uniq_robin
D:3:      layout_basic, uniq_terence, uniq_ijyb
D:4:      layout_basic, minmay_temple_entry_mini_moons, minivault_5,
          uniq_crazy_yiuf_cottage
D:5:      layout_loops_ring, st_stairs_5, uniq_eustachio, uniq_grinder
D:6:      layout_basic, serial_shops, nicolae_shop_behind_doors, enter_ossuary_2
D:7:      layout_loops_ring, amcnicky_altar_gilded, gammafunk_ghost_stat_death,
          serial_shops, nicolae_square_shop
D:8:      layout_layer_cave, minmay_shop_enchanted_jewellery,
          kennysheep_generic_room_14
D:9:      gammafunk_wand_slinger, layout_long_grid
D:10:     layout_cave_pools, chequers_garden, kennysheep_cross_room
D:11:     layout_loops_cross, grunt_lair_entry_orc_guard_hut,
          grunt_dithmenos_shadows, uniq_gastronok
D:12:     layout_rooms, erik_orc_1, gauntlet_entry_generic, okawaru_humans,
          uniq_snorg
D:13:     gammafunk_jiyva_shrine, layout_grid_maze,
          grunt_vaults_entry_fortified, minmay_misc_feat_rows

Skill      XL: |  1  2  3  4  5  6  7  8  9 10 11 12 |
---------------+-------------------------------------+-----
Dodging        | 3 4 6 7 8 9 |  9.0
Long Blades    | 3 4 5 6 8 9 11 12 14 | 14.6
Stealth        | 1 2 3 4 5 |  5.1
Fighting       | 4 5 6 7 8 |  8.4
Shields        | 4 5 6 7 8 |  8.7
Axes           | 6 |  6.1
Evocations     | 1 |  1.2

Action                   |  1- 3 |  4- 6 |  7- 9 | 10-12 || total
-------------------------+-------+-------+-------+-------++-------
Melee: Long sword        |    92 |   141 |   329 |   479 ||  1041
       Tailslap          |     3 |    16 |    39 |   130 ||   188
       Kick              |       |    13 |    55 |       ||    68
       War axe           |       |       |       |   118 ||   118
Invok: Potion Petition   |       |       |       |     1 ||     1
       Call Merchant     |       |       |       |     1 ||     1
 Abil: Breathe Noxious F |       |       |     6 |     3 ||     9
Evoke: Wand              |       |       |       |    14 ||    14
  Use: Scroll            |     4 |     2 |     7 |    13 ||    26
       Potion            |     1 |     5 |     2 |     8 ||    16
 Stab: Sleeping          |       |     2 |     3 |     5 ||    10
       Confused          |       |       |     2 |       ||     2
       Distracted        |       |       |     1 |     6 ||     7
       Invisible         |       |       |       |     1 ||     1
Armor: Skin              |    22 |    49 |   218 |   226 ||   515
Dodge: Dodged            |    39 |    59 |   316 |   301 ||   715
Block: Buckler           |    16 |    24 |   107 |   343 ||   490
       Other             |       |       |       |    19 ||    19
       Reflection        |       |       |       |    22 ||    22

Table legend: (Time is in decaauts)
 A = Elapsed time spent in this place.
 B = Non-inter-level travel time spent in this place.
 C = Inter-level travel time spent in this place.
 D = Time resting spent in this place.
 E = Time spent auto-exploring this place.
 F = Levels seen in this place.
 G = Mean time per level.
                   A        B        C        D        E       F      G
               +--------+--------+--------+--------+--------+-----+--------+
         Total |  20633 |  19740 |    893 |   3067 |  13218 |  14 | 1473.8 |
       Dungeon |  20086 |  19193 |    893 |   3067 |  12758 |  13 | 1545.1 |
       Ossuary |    547 |    547 |      0 |      0 |    460 |   1 |  547.0 |
               +--------+--------+--------+--------+--------+-----+--------+

Top non-repeatable levels by time:
     D:7: 3847 daAuts
    D:13: 2305 daAuts
    D:12: 2058 daAuts
    D:11: 1827 daAuts
     D:4: 1802 daAuts
     D:6: 1545 daAuts
     D:2: 1471 daAuts
     D:9: 1146 daAuts
     D:5: 1096 daAuts
     D:1: 972 daAuts
    D:10: 845 daAuts
     D:8: 671 daAuts
 Ossuary: 547 daAuts
     D:3: 495 daAuts
